 Dungeon Crawl Stone Soup version 0.28.0-49-g6dfe1f597d (webtiles) character file.

Game seed: 3612961793949857806

756 jempyr the Conjurer (level 7, -3/58 HPs)
             Began as a Black Draconian Conjurer on May 19, 2022.
             Was an Initiate of Vehumet.
             Shot with an arrow by a centaur (12 damage)
             ... on level 5 of the Dungeon.
             The game lasted 00:46:20 (5323 turns).

jempyr the Conjurer (Black Draconian Conjurer)      Turns: 5323, Time: 00:46:21

Health: -3/58      AC:  7    Str: 16    XL:     7   Next: 50%
Magic:  14/14      EV: 12    Int: 18    God:    Vehumet [......]
Gold:   255        SH:  0    Dex: 11    Spells: 9/15 levels left

rFire   . . .      SeeInvis .   j - +2 whip (drain)
rCold   . . .      Faith    .   (no shield)
rNeg    . . .      Spirit   .   (armour unavailable)
rPois   .          Reflect  .   (helmet restricted)
rElec   +          Harm     .   p - +0 cloak
rCorr   .          Rampage  .   (no gloves)
Will    .....                   (no boots)
Stlth   ++........              (no amulet)
HPRegen 0.19/turn               u - +6 ring of strength
MPRegen 0.14/turn               (no ring)

@: no status effects
A: breathe lightning, AC +6, unfitting armour, electricity resistance,
cold-blooded
a: Breathe Lightning, Renounce Religion


You were on level 5 of the Dungeon.
You worshipped Vehumet.
Vehumet was noncommittal.
You visited 2 branches of the dungeon, and saw 6 of its levels.

You collected 255 gold pieces.

Inventory:

Hand Weapons
 c - a +0 short sword
 i - a +0 hunting sling
 j - a +2 whip of draining (weapon)
 m - a +0 shortbow
Missiles
 e - 39 arrows
 q - 9 poisoned darts
Armour
 p - a +0 cloak (worn)
Jewellery
 u - a +6 ring of strength (left hand)
Scrolls
 a - a scroll of summoning {unknown}
 b - a scroll of enchant armour {unknown}
 f - 2 scrolls of fear {unknown}
 h - a scroll of teleportation {unknown}
 k - 4 scrolls of identify {unknown}
 l - a scroll of amnesia {unknown}
 n - a scroll of silence {unknown}
 o - a scroll of vulnerability {unknown}
 s - a scroll of enchant weapon {unknown}
Potions
 d - a potion of invisibility {unknown}
 g - a potion of brilliance {unknown}
 r - a potion of might {unknown}
 t - a potion of heal wounds {unknown}
 v - a potion of attraction {unknown}
 w - a potion of flight {unknown}


   Skills:
 * Level 3.7 Fighting
 - Level 0.2 Maces & Flails
 - Level 1.7 Dodging
 + Level 3.3 Stealth
 + Level 4.7 Spellcasting
 + Level 6.4 Conjurations


You had 9 spell levels left.
You knew the following spells:

 Your Spells              Type           Power      Damage    Failure   Level
a - Magic Dart            Conj           100%       1d8       1%          1
b - Searing Ray           Conj           54%        2d6       1%          2
c - Dazzling Flash        Conj/Hex       30%        N/A       11%         3

Your spell library contained the following spells:

 Spells                   Type           Power      Damage    Failure   Level
 Freeze                   Ice            16%        1d4       14%         1
 Fulminant Prism          Conj/Hex       7%         3d7       36%         4
 Hailstorm                Conj/Ice       15%        3d5       36%         4
 Iskenderun's Mystic Bla  Conj/Tloc      15%        2d5       36%         4
 Confusing Touch          Hex            4%         N/A       38%         3
 Frozen Ramparts          Ice            8%         1d2       38%         3
 Yara's Violent Unravell  Hex/Tmut       2%         3d3       98%         5
 Enfeeble                 Hex            2%         N/A       100%        7


Dungeon Overview and Level Annotations

Branches:
Dungeon (5/15)             Temple (1/1) D:4

Altars:
Ashenzari
Dithmenos
Elyvilon
Gozag
Hepliaklqana
Kikubaaqudgha
Makhleb
Nemelex Xobeh
Okawaru
Ru
Sif Muna
Uskayaw
Vehumet
Xom
Zin
The Shining One


Innate Abilities, Weirdness & Mutations

You can breathe wild blasts of lightning.
Your glossy black scales are hard. (AC +6)
You cannot fit into any form of body armour.
You are resistant to electric shocks. (rElec)
You are cold-blooded and may be slowed by cold attacks.


Message History

Things that are here:
a +0 falchion; a +0 ring mail; an orc corpse
There is an open door here.
Things that are here:
a +0 club; an orc corpse
There is an open door here.
An orc comes into view. It is wielding a +0 falchion.
You see here 10 gold pieces.
An orc warrior comes into view. It is wielding a +0 glaive.
An orc priest comes into view. It is wielding a +0 flail.
An ice beast comes into view.
The orc shouts!
You hear a shout! x3
You hit the orc. You drain the orc. You tail-slap the orc.
You kill the orc!
Vehumet accepts your kill.
A water moccasin zombie comes into view.
A centaur comes into view.
The centaur shouts!
You hear a shout!
The centaur wields a +0 shortbow.
The centaur shoots an arrow.
The arrow closely misses you.
You see here 10 gold pieces.
The centaur shoots an arrow.
The arrow hits you.
There is an open door here.
The centaur shoots an arrow.
The arrow hits you!
The centaur shoots an arrow.
The arrow hits you but does no damage.
The centaur shoots an arrow.
The arrow closely misses you.
The centaur shoots an arrow.
The arrow closely misses you.
The centaur shoots an arrow.
The arrow hits you!
You see here a +0 whip.
You see here a +0 dagger.
The centaur shoots an arrow.
The arrow hits you.
The centaur shoots an arrow.
The arrow hits you!
The centaur shoots an arrow.
The arrow hits you!
The centaur shoots an arrow.
The arrow hits you.
The centaur shoots an arrow.
The arrow hits you!
* * * LOW HITPOINT WARNING * * *
The centaur shoots an arrow.
The arrow barely misses you.
The centaur shoots an arrow.
The arrow barely misses you.
The centaur shoots an arrow.
The arrow hits you!
You die...

.........# #.....#......#.....#
.........# #.....#......#.....#
.........#####.....#......#.....#
..........c........#......#.....#
#########....(.....#......#.....#
#..........#...<..'.....#
#.>........#..))..#.....#
#..........####'###.....#
#.......@.....).........#
#.......................#
#.......................#
#.......................#
######.......................#
#............................#
#............................#
#............................#
#............................#


You could see a centaur.

Vanquished Creatures
  A black bear (D:5)
  An ogre (D:5)
  A necrophage (D:4)
  2 phantoms (D:4)
  A water moccasin zombie (D:4)
  A bullfrog zombie (D:5)
  A hound (D:4)
  A jelly (D:4)
  Jessica (D:3)
  Natasha (D:4)
  An orc wizard (D:3)
  A hound skeleton (D:4)
  3 adders
  An ufetubus (D:4)
  An adder skeleton (D:4)
  3 dart slugs
  14 orcs
  3 ball pythons
  3 endoplasms
  3 giant cockroaches
  5 goblins
  6 hobgoblins
  4 kobolds
  4 quokkas
  A bat (D:1)
  4 frilled lizards
  7 rats
75 creatures vanquished.

Notes
Turn   | Place    | Note
-------+----------+-------------------------------------------
     0 | D:1      | jempyr the Draconian Conjurer began the quest for the Orb.
     0 | D:1      | Reached XP level 1. HP: 14/14 MP: 3/3
   463 | D:1      | Reached XP level 2. HP: 20/20 MP: 3/5
   487 | D:1      | Learned a level 2 spell: Searing Ray
  1062 | D:2      | Found a faded altar of an unknown god.
  1262 | D:2      | Reached XP level 3. HP: 26/26 MP: 3/6
  1571 | D:3      | Found a shimmering altar of Xom.
  1946 | D:3      | Noticed Jessica
  1955 | D:3      | Killed Jessica
  2256 | D:3      | Reached XP level 4. HP: 34/34 MP: 1/7
  2355 | D:3      | Reached skill level 1 in Fighting
  2355 | D:3      | Reached skill level 5 in Conjurations
  2401 | D:3      | Learned a level 3 spell: Dazzling Flash
  3059 | D:4      | Reached XP level 5. HP: 40/40 MP: 4/9
  3120 | D:4      | Found a staircase to the Ecumenical Temple.
  3139 | Temple   | Entered the Ecumenical Temple
  3250 | Temple   | Became a worshipper of Vehumet
  3622 | D:4      | Noticed a phantom
  3634 | D:4      | Killed a phantom
  3635 | D:4      | Reached XP level 6. HP: 21/48 MP: 2/11
  3807 | D:4      | Noticed Natasha
  3812 | D:4      | Killed Natasha
  4090 | D:4      | Reached skill level 6 in Conjurations
  4238 | D:4      | Your scales start taking on a glossy black colour.
  4238 | D:4      | Reached XP level 7. HP: 52/57 MP: 10/13
  4238 | D:4      | Gained mutation: You are resistant to electric shocks.
                  | (rElec) [Black Draconian growth]
  4624 | D:5      | Entered Level 5 of the Dungeon
  5323 | D:5      | Shot with an arrow by a centaur

Illustrated notes

Levels and vault maps discovered:
D:1:      wander_arrival_estate, layout_loops_ring, serial_park_tiny_1
D:2:      layout_rooms, hellmonk_ecumenical_altar_heavens_door
D:3:      layout_loops_ring, mainiacjoe_overflow_brackets,
          kennysheep_cross_room, kennysheep_potato, uniq_jessica
D:4:      layout_cave_pods, minmay_temple_entry_offerings, amethyst_killhole,
          minmay_misc_feat_doors, amcnicky_mini_corridor_feature, uniq_natasha
D:5:      layout_gridville, minmay_misc_feat_plants
Temple:   kilobyte_greek_temple

Skill      XL: |  1  2  3  4  5  6 |
---------------+-------------------+-----
Stealth        | 2 3 |  3.3
Fighting       | 1 2 3 |  3.7
Conjurations   | 5 6 |  6.4
Spellcasting   | 3 4 |  4.7
Maces & Flails | |  0.2
Dodging        | |  1.7

Action                   |  1- 3 |  4- 6 |  7- 9 || total
-------------------------+-------+-------+-------++-------
Melee: Short sword       |     6 |       |       ||     6
       Unarmed           |     2 |       |       ||     2
       Tailslap          |     2 |     8 |     3 ||    13
       Whip              |     7 |    62 |    17 ||    86
 Cast: Magic Dart        |    56 |    60 |    18 ||   134
       Searing Ray       |     2 |     4 |     5 ||    11
 Abil: Breathe Lightning |       |       |     2 ||     2
Armor: Skin              |     5 |    13 |     4 ||    22
Dodge: Dodged            |     7 |    27 |    12 ||    46
